 Dungeon Crawl Stone Soup version 0.31-a0-128-g25add195a6 (webtiles) character file.

Game seed: 12229324876347522445

1503 JoshKwa the Magician (level 9, 0/65 HPs)
             Began as a Human Fire Elementalist on May 30, 2023.
             Slain by Menkaure (19 damage)
             ... on level 6 of the Dungeon on June 1, 2023.
             The game lasted 00:32:39 (5859 turns).

JoshKwa the Magician (Human Fire Elementalist)      Turns: 5859, Time: 00:32:39

Health: 0/65       AC:  8    Str: 10    XL:     9   Next: 8%
Magic:  8/19       EV: 11    Int: 18    God:
Gold:   289        SH:  0    Dex: 14    Spells: 12/21 levels left

rFire   . . .        g - +3 dagger
rCold   + + .        (no shield)
rNeg    . . .        d - +3 ring mail of the Swan {Harm rC++}
rPois   .            (no helmet)
rElec   .            (no cloak)
rCorr   .            (no gloves)
SInv    .            (no boots)
Will    .....        (no amulet)
Stlth   +            (no ring)
HPRegen 0.30/turn    (no ring)
MPRegen 0.16/turn

%: harm (+30% outgoing, +20% incoming)
@: no status effects
A: no striking features
a: no special abilities


You were on level 6 of the Dungeon.
You visited 1 branch of the dungeon, and saw 6 of its levels.

You collected 289 gold pieces.

Inventory:

Hand Weapons
 g - a +3 dagger (weapon)
Armour
 d - the +3 ring mail of the Swan (worn) {Harm rC++}
   (You found it on level 2 of the Dungeon)

   rC:        It greatly protects you from cold.
   Harm:      It increases damage dealt and taken.
 i - the +1 robe of Theory {rElec rPois}
   (You found it on level 5 of the Dungeon)

   rElec:     It insulates you from electricity.
   rPois:     It protects you from poison.
Scrolls
 a - a scroll of amnesia
 e - a scroll of brand weapon {unknown}
 h - a scroll of immolation {unknown}
 j - 2 scrolls of enchant weapon
 n - a scroll of silence {unknown}
 o - a scroll of fear {unknown}
Potions
 l - a potion of mutation


   Skills:
 * Level 3.8 Fighting
 + Level 1.9 Short Blades
 + Level 2.9 Armour
 + Level 3.1 Dodging
 + Level 2.2 Stealth
 * Level 6.9 Spellcasting
 + Level 1.3 Conjurations
 + Level 5.4 Fire Magic


You had 12 spell levels left.
You knew the following spells:

 Your Spells              Type           Power      Damage    Failure   Level
a - Foxfire               Conj/Fire      72%        2x1d7     7%          1
b - Scorch                Fire           50%        2d7       4%          2
c - Sting                 Tmut/Pois      24%        1d4       26%         1
d - Flame Wave            Conj/Fire      18%        2d7       54%         4
e - Kiss of Death         Conj/Necr      32%        2d7       21%         1

Your spell library contained the following spells:

 Spells                   Type           Power      Damage    Failure   Level
 Magic Dart               Conj           44%        1d5       16%         1
 Inner Flame              Hex/Fire       16%        N/A       26%         3
 Volatile Blastmotes      Fire/Tloc      32%        2d12      26%         3
 Call Imp                 Summ           12%        N/A       38%         2
 Poisonous Vapours        Pois/Air       12%        N/A       38%         2
 Mephitic Cloud           Conj/Pois/Air  7%         N/A       54%         3
 Confusing Touch          Hex            6%         N/A       63%         3
 Dispel Undead            Necr           6%         3d8       95%         4
 Olgreb's Toxic Radiance  Pois           6%         N/A       95%         4
 Summon Forest            Summ/Tloc      3%         N/A       100%        5
 Eringya's Noxious Bog    Tmut/Pois      3%         N/A       100%        6
 Summon Hydra             Summ           3%         N/A       100%        7


Dungeon Overview and Level Annotations

Branches:
Dungeon (6/15)
 Temple: D:4-7

Altars:
Cheibriados
Fedhas
Hepliaklqana
Zin

Annotations:
D:6 Menkaure


Message History

The orc priest looks encouraged for a moment.
Menkaure forgets how to speak, silenced by the ages.
Menkaure gestures wildly while chanting.
Menkaure seems to speed up.
You see here a Fen Folio.
You pick up a Fen Folio and begin reading...
You add the spells Summon Forest, Eringya's Noxious Bog and Summon Hydra to your library.
Casting: Scorch (safe; 4% risk of failure)
Press: ? - help, Q - select action, (/) - cycle Dir - look around, f - activate Flames lash the iguana.
The iguana is moderately wounded.
The iguana's fire resistance burns away.
Casting: Scorch (safe; 4% risk of failure)
Press: ? - help, Q - select action, (/) - cycle Dir - look around, f - activate Flames lash the orc.
You kill the orc!
Casting: Scorch (safe; 4% risk of failure)
Press: ? - help, Q - select action, (/) - cycle Dir - look around, f - activate Flames lash the iguana.
The iguana is burned terribly!
The iguana is severely wounded.
The iguana closely misses you.
Casting: Scorch (safe; 4% risk of failure)
Press: ? - help, Q - select action, (/) - cycle Dir - look around, f - activate Flames lash the iguana.
The iguana is burned terribly!
You kill the iguana!
Menkaure mumbles drily.
Casting: Scorch (safe; 4% risk of failure)
Press: ? - help, Q - select action, (/) - cycle Dir - look around, f - activate Flames lash the orc priest.
You kill the orc priest!
Menkaure casts a spell at you. Pain shoots through your body!
Okay, then.
As you read the scroll labelled KIPNIGRA MAPOMO, it crumbles to dust.
The scroll dissolves into smoke.
It was a scroll of fog.
Menkaure calls on the powers of darkness!
Your body is wracked with pain!
* * * LOW HITPOINT WARNING * * *
Menkaure attacks as you move away! Menkaure hits you!
You die...

#. ### .
##.###.#
#......# ...#..#
# #§§#.###
.#.####§§§§..#
.....§§M@§§..#
.....§§§§§#.####
...###§§§§......
.. ####)).....
....... .......
..#.### ......
.......


You could see Menkaure (fast).

Vanquished Creatures
  A water moccasin (D:5)
  An ice beast (D:5)
  An ogre (D:5)
  An orc warrior (D:4)
  A black bear (D:6)
  2 phantoms (D:5)
  Blork the orc (D:6)
  2 scorpions
  3 hounds
  3 orc priests
  A sleepcap (D:6)
  Jessica (D:2)
  Natasha (D:2)
  5 iguanas
  6 orc wizards
  7 adders
  2 worms (D:2)
  6 dart slugs
  15 orcs
  9 ball pythons
  5 bats
  4 endoplasms
  3 giant cockroaches
  4 goblins
  6 hobgoblins
  5 jackals (D:2)
  2 quokkas (D:3)
  4 frilled lizards
  8 kobolds
  5 rats (D:1)
115 creatures vanquished.

Vanquished Creatures (others)
  49 foxfires
49 creatures vanquished.

Grand Total: 164 creatures vanquished

Notes
Turn   | Place    | Note
-------+----------+-------------------------------------------
     0 | D:1      | JoshKwa the Human Fire Elementalist began the quest for the
                  | Orb.
     0 | D:1      | Reached XP level 1. HP: 13/13 MP: 3/3
   193 | D:1      | Reached XP level 2. HP: 19/19 MP: 0/5
   490 | D:1      | Learned a level 2 spell: Scorch
   921 | D:1      | Reached XP level 3. HP: 24/24 MP: 3/6
  1146 | D:2      | Found a blossoming altar of Fedhas.
  1368 | D:2      | Reached XP level 4. HP: 31/31 MP: 1/7
  1370 | D:2      | Reached skill level 1 in Short Blades
  1373 | D:2      | Learned a level 1 spell: Sting
  1384 | D:2      | Noticed Jessica
  1401 | D:2      | Killed Jessica
  1402 | D:2      | Reached skill level 1 in Fighting
  1534 | D:2      | Noticed Natasha
  1695 | D:2      | Reached skill level 3 in Spellcasting
  1695 | D:2      | Reached XP level 5. HP: 35/37 MP: 0/9
  1703 | D:2      | Found a faded altar of an unknown god.
  1782 | D:2      | Identified the +3 ring mail of the Swan {Harm rC++}
  1903 | D:2      | Killed Natasha
  2340 | D:3      | Learned a level 4 spell: Flame Wave
  2430 | D:3      | Found a snail-covered altar of Cheibriados.
  2585 | D:3      | Identified the +0 ring mail "Zemiod" {Str+2}
  2783 | D:4      | Reached XP level 6. HP: 41/43 MP: 5/11
  2861 | D:4      | Reached skill level 1 in Armour
  3165 | D:4      | Noticed an orc warrior
  3298 | D:4      | Reached skill level 4 in Spellcasting
  3317 | D:4      | Reached XP level 7. HP: 12/50 MP: 13/13
  3624 | D:5      | Entered Level 5 of the Dungeon
  4556 | D:5      | Reached XP level 8. HP: 50/57 MP: 10/15
  4575 | D:5      | Found a large runed translucent door.
  4585 | D:5      | Reached skill level 5 in Spellcasting
  4604 | D:5      | Identified the +1 robe of Theory {rElec rPois}
  4638 | D:5      | Upgraded the game from 0.31-a0-117-g42d8f58691 to
                  | 0.31-a0-128-g25add195a6
  4663 | D:5      | Learned a level 1 spell: Kiss of Death
  4975 | D:5      | Reached skill level 5 in Fire Magic
  5092 | D:5      | Reached skill level 6 in Spellcasting
  5404 | D:5      | Found a large runed translucent door.
  5655 | D:5      | Found a glowing silver altar of Zin.
  5660 | D:5      | Found a hazy altar of Hepliaklqana.
  5701 | D:6      | Noticed Menkaure
  5718 | D:6      | Noticed Blork the orc
  5731 | D:6      | Killed Blork the orc
  5732 | D:6      | Reached XP level 9. HP: 38/64 MP: 1/19
  5859 | D:6      | Slain by Menkaure

Illustrated notes

Levels and vault maps discovered:
D:1:      minmay_arrival_nine_rooms, layout_basic
D:2:      layout_loops_ring, basic_altar, basic_ecumenical_altar,
          chequers_serial_rivers_large_b, grunt_decor_mini_mirrors,
          minmay_surrounded, uniq_natasha, uniq_jessica
D:3:      layout_rooms, mainiacjoe_overflow_alcove_1, st_stairs_2
D:4:      layout_basic, serial_corexii_hall, corexii_hall_statues_i,
          corexii_hall_statues_u, chequers_hall_statues_wall_a
D:5:      layout_cave_pools, jmf_multi_god_temple2, grunt_ministairs_9
D:6:      layout_rooms, uniq_blork_the_orc, uniq_menkaure

Skill      XL: |  1  2  3  4  5  6  7  8 |
---------------+-------------------------+-----
Short Blades   | 1 |  1.9
Fighting       | 1 2 3 |  3.8
Spellcasting   | 3 4 6 |  6.9
Armour         | 1 2 |  2.9
Fire Magic     | 4 5 |  5.4
Dodging        | 3 |  3.1
Stealth        | |  2.2
Conjurations   | |  1.3

Action                     |  1- 3 |  4- 6 |  7- 9 || total
---------------------------+-------+-------+-------++-------
  Melee: Short sword       |    22 |       |       ||    22
         Dagger            |    22 |   126 |    44 ||   192
         Punch             |       |     2 |     1 ||     3
   Cast: Foxfire           |    23 |     5 |       ||    28
         Scorch            |    12 |    36 |    68 ||   116
         Kiss of Death     |       |       |     2 ||     2
    Use: Scroll            |     3 |     3 |     6 ||    12
         Potion            |     2 |     9 |     5 ||    16
   Stab: Sleeping          |       |     1 |       ||     1
 Armour: Robe              |    17 |     6 |       ||    23
         Skin              |       |    38 |       ||    38
         Ring mail         |       |    50 |    16 ||    66
  Dodge: Dodged            |    56 |    87 |    38 ||   181

Table legend: (Time is in decaauts)
 A = Elapsed time spent in this place.
 B = Non-inter-level travel time spent in this place.
 C = Inter-level travel time spent in this place.
 D = Time resting spent in this place.
 E = Time spent auto-exploring this place.
 F = Levels seen in this place.
 G = Mean time per level.
                   A        B        C        D        E       F      G
               +--------+--------+--------+--------+--------+-----+--------+
         Total |   5876 |   4960 |    916 |   1911 |      0 |   6 |  979.3 |
       Dungeon |   5876 |   4960 |    916 |   1911 |      0 |   6 |  979.3 |
               +--------+--------+--------+--------+--------+-----+--------+

Top non-repeatable levels by time:
     D:5: 1782 daAuts
     D:4: 1279 daAuts
     D:2: 1257 daAuts
     D:1: 1065 daAuts
     D:3: 458 daAuts
     D:6: 33 daAuts
